 Dungeon Crawl Stone Soup version 0.29-a0-322-g68df515428 (webtiles) character file.

Game seed: 16780106381683872872

238561 Flugkiller the Spry (level 19, -15/144 HPs)
             Began as an Octopode Delver on Apr 7, 2022.
             Was an Elder of Wu Jian.
             Demolished by an ironbound preserver
             ... wielding a +0 mace
              (27 damage)
             ... while paralysed by a great orb of eyes
             ... on level 1 of the Vaults.
             The game lasted 01:02:55 (52975 turns).

Flugkiller the Spry (Octopode Delver)              Turns: 52975, Time: 01:02:56

Health: -15/144    AC:  3    Str: 19    XL:     19   Next: 27%
Magic:  38/38      EV:  2    Int: 31    God:    Wu Jian [****..]
Gold:   1607       SH:  0    Dex: 19    Spells: 21/31 levels left

rFire   + + .      SeeInvis .   T - +7 captain's cutlass {speed, disarm}
rCold   . . .      Faith    .   G - +5 kite shield {rPois}
rNeg    . . .      Spirit   .   Y - +2 hat {Will+}
rPois   +          Reflect  +   N - amulet "Hiddut" {Reflect Str+6 SH+5}
rElec   .          Harm     .   v - +6 ring of intelligence
rCorr   .          Rampage  .   x - +6 ring of intelligence
Will    ++...      Archmagi +   i - ring of the Mage {Wiz Archmagi}
Stlth   ++++++....              m - ring of magical power
HPRegen 0.34/turn               p - ring of protection from fire
MPRegen 0.26/turn               o - ring of poison resistance
                                S - +6 ring of intelligence
                                f - ring of protection from fire

@: paralysed
A: almost no armour, amphibious, 8 rings, camouflage 1, gelatinous body 1,
(nimble swimmer 1), tentacles
}: 2/15 runes: barnacled, gossamer
a: Renounce Religion, Wall Jump, Serpent's Lash


You were on level 1 of the Vaults.
You worshipped Wu Jian.
Wu Jian was greatly pleased with you.
You visited 7 branches of the dungeon, and saw 33 of its levels.
You also visited: Bailey.

You collected 3942 gold pieces.
You spent 2335 gold pieces at shops.

Inventory:

Hand Weapons
 k - a +11 quick blade
   (You acquired it on level 1 of the Vaults)
 T - the +7 captain's cutlass (weapon) {speed, disarm}
   (You bought it in a shop on level 4 of the Dungeon)

   Attacks with this weapon are significantly faster.
   It may disarm weapon-wielding foes when striking them, dealing extra damage
   in the process.
Missiles
 a - 5 throwing nets (quivered)
Armour
 G - a +5 kite shield of poison resistance (worn)
   (You took it off a gnoll sergeant on level 6 of the Dungeon)
 Y - a +2 hat of willpower (worn)
   (You took it off Gastronok on level 3 of the Lair of Beasts)
Jewellery
 f - a ring of protection from fire (on tentacle)
   (You found it on level 2 of the Lair of Beasts)
 i - the ring of the Mage (on tentacle) {Wiz Archmagi}
   (You bought it in a shop on level 2 of the Orcish Mines)

   [ring of wizardry]

   It improves your spell success rate.
   Archmagi:  It increases the power of your magical spells.
 m - a ring of magical power (on tentacle)
   (You found it on level 7 of the Dungeon)
 o - a ring of poison resistance (on tentacle)
   (You found it on level 8 of the Dungeon)
 p - a ring of protection from fire (on tentacle)
   (You found it on level 7 of the Dungeon)
 v - a +6 ring of intelligence (left tentacle)
   (You found it on level 3 of the Dungeon)
 x - a +6 ring of intelligence (right tentacle)
   (You took it off a merfolk siren on level 4 of the Shoals)
 N - the amulet "Hiddut" (around mantle) {Reflect Str+6 SH+5}
   (You found it on level 6 of the Dungeon)

   [amulet of reflection]

   It reflects blocked missile attacks.
   Str:       It affects your strength (+6).
   SH:        It affects your SH (+5).
 S - a +6 ring of intelligence (on tentacle)
   (You found it on level 1 of the Lair of Beasts)
Wands
 y - a wand of iceblast (36)
   (You found it on level 4 of the Lair of Beasts)
 B - a wand of acid (8)
   (You found it on level 7 of the Dungeon)
 C - a wand of polymorph (13)
   (You found it on level 4 of the Dungeon)
 H - a wand of paralysis (1)
   (You found it on level 6 of the Dungeon)
 U - a wand of mindburst (4)
   (You found it on level 1 of the Lair of Beasts)
 V - a wand of digging (17)
Scrolls
 b - 4 scrolls of fog
 c - 6 scrolls of magic mapping
 j - 6 scrolls of holy word
 l - 7 scrolls of vulnerability
 t - 19 scrolls of teleportation
 z - a scroll of fear
 F - 2 scrolls of torment
 O - 9 scrolls of immolation
 P - 4 scrolls of silence
 W - a scroll of summoning
 Z - 2 scrolls of enchant armour
Potions
 d - 8 potions of might
 e - 3 potions of berserk rage
 g - 3 potions of mutation
 h - 3 potions of haste
 n - a potion of resistance
 q - 9 potions of curing
 s - 6 potions of attraction
 u - 5 potions of brilliance
 w - 2 potions of heal wounds
 A - 3 potions of invisibility
 E - 2 potions of cancellation
 I - 5 potions of flight
 J - 7 potions of ambrosia
 L - 5 potions of magic
 Q - 3 potions of lignification
Miscellaneous
 K - a phantom mirror
   (You found it on level 4 of the Shoals)
 M - a piece from Xom's chessboard (15/15)
   (You found it in a bailey)
 R - a phial of floods (inert)
   (You found it on level 11 of the Dungeon)
 X - a lightning rod (4/4)
   (You found it on level 14 of the Dungeon)


   Skills:
 - Level 17.0 Fighting
 - Level 14.0 Short Blades
 - Level 19.1 Dodging
 - Level 10.0 Stealth
 - Level 10.0 Shields
 + Level 6.7 Spellcasting
 - Level 7.4 Summonings
 + Level 6.4 Transmutations
 + Level 6.3 Earth Magic
 - Level 10.0 Evocations


You had 21 spell levels left.
You knew the following spells:

 Your Spells              Type           Power      Damage    Failure   Level
a - Summon Small Mammal   Summ           100%       N/A       1%          1
b - Call Canine Familiar  Summ           71%        N/A       1%          3
c - Statue Form           Tmut/Erth      44%        N/A       38%         6

Your spell library contained the following spells:

 Spells                   Type           Power      Damage    Failure   Level
 Beastly Appendage        Tmut           100%       N/A       1%          1
 Sting                    Tmut/Pois      100%       1d8       1%          1
 Call Imp                 Summ           71%        N/A       1%          2
 Passwall                 Tmut/Erth      55%        N/A       1%          2
 Wereblood                Tmut           66%        N/A       1%          2
 Summon Guardian Golem    Hex/Summ       50%        N/A       2%          3
 Spider Form              Tmut/Pois      45%        N/A       3%          3
 Freeze                   Ice            60%        1d8       4%          1
 Shock                    Conj/Air       60%        1d6       4%          1
 Ensorcelled Hibernation  Hex/Ice        30%        N/A       6%          2
 Poisonous Vapours        Pois/Air       30%        N/A       6%          2
 Blade Hands              Tmut           33%        N/A       9%          5
 Lee's Rapid Deconstruct  Erth           33%        3d18*     9%          5
 Leda's Liquefaction      Hex/Erth       22%        N/A       11%         4
 Frozen Ramparts          Ice            30%        1d5       12%         3
 Ozocubu's Armour         Ice            15%        N/A       12%         3
 Portal Projectile        Hex/Tloc       30%        N/A       12%         3
 Swiftness                Air            15%        N/A       12%         3
 Summon Cactus Giant      Summ           35%        N/A       28%         6
 Airstrike                Air            7%         N/A       36%         4
 Hailstorm                Conj/Ice       15%        3d5       36%         4
 Olgreb's Toxic Radiance  Pois           15%        N/A       36%         4
 Excruciating Wounds      Necr           7%         N/A       69%         5
 Metabolic Englaciation   Hex/Ice        7%         N/A       69%         5
 Iron Shot                Conj/Erth      22%        9d5       82%         6
 Simulacrum               Ice/Necr       7%         N/A       99%         6
 Malign Gateway           Summ/Tloc      25%        N/A       99%         7
 Summon Horrible Things   Summ           35%        N/A       100%        8
 Animate Armour           Summ/Erth      Unusable   N/A       N/A         4

Dungeon Overview and Level Annotations

Branches:
Dungeon (15/15)            Temple (1/1) D:7            Lair (6/6) D:9
 Shoals (4/4) Lair:3       Spider (4/4) Lair:3        Slime (0/5) Lair:5
    Orc (2/2) D:11            Elf (0/3) Orc:2        Vaults (1/5) D:13
 Depths (0/4) D:15         Bailey (visited)

Altars:
Cheibriados
Dithmenos
Elyvilon
Fedhas
Hepliaklqana
Kikubaaqudgha
Makhleb
Okawaru
Ru
Sif Muna
Trog
Uskayaw
Wu Jian
Xom
Yredelemnul
The Shining One
Beogh
Jiyva

Shops:
D:1 *   D:4 (   D:5 =   D:8 (   D:11 [   Orc:2 =*[((   Shoals:2 (**[
Shoals:3 !:!

Portals:
Trove: D:13 (give horn of Geryon)

Annotations:
D:7 3 runed translucent doors, Camille's ghost, novice HOFi
D:11 2 transporters, hypnoticadvantage's ghost, novice MiFi
D:13 1 runed translucent door, qborf's ghost, journeyman VSFi
D:15 3 runed translucent doors, Cofiopra's ghost, adept DjEE
Spider:4 exclusions: spark wasp and 1 more exclusion


Innate Abilities, Weirdness & Mutations

You cannot wear most types of armour.
You are amphibious.
You can wear up to eight rings at the same time.
Your skin changes colour to match your surroundings (Stealth+).
Your rubbery body absorbs attacks. (AC +1, EV +1)
((You are camouflaged when in or above water. (Stealth+)))
You have tentacles for arms and can constrict up to eight enemies at once.


Message History

You closely miss the deep troll. You hit the deep troll.
The deep troll is lightly wounded.
You puncture the deep troll!
The deep troll is lightly wounded.
You block the deep troll's attack. The deep troll completely misses you.
You block the deep troll's attack.
You completely miss the deep troll. You squeeze the deep troll.
The deep troll is lightly wounded.
You completely miss the deep troll.
The deep troll is lightly wounded.
The deep troll completely misses you. You block the deep troll's attack. x2
The great orb of eyes bites you.
You barely miss the deep troll.
The deep troll is lightly wounded.
You completely miss the deep troll.
The deep troll is lightly wounded.
The deep troll completely misses you. You block the deep troll's attack.
The deep troll misses you.
The great orb of eyes completely misses you.
You puncture the deep troll! You squeeze the deep troll!
The deep troll is severely wounded.
You hit the deep troll.
You squeeze the deep troll, but do no damage.
The deep troll is severely wounded.
You block the deep troll's attack. The deep troll claws you!
The deep troll misses you.
You block the great orb of eyes's attack.
You hit the deep troll. Your squeeze misses the deep troll.
The deep troll is severely wounded.
You puncture the deep troll!
The deep troll is almost dead.
You block the deep troll's attack. x3; The great orb of eyes misses you.
You puncture the deep troll!
You kill the deep troll!
The Council accepts your kill.
The troll leather armour is intact enough to wear.
You puncture the great orb of eyes!
The great orb of eyes is lightly wounded.
The great orb of eyes bites you but does no damage.
You puncture the great orb of eyes!
You tentacle-slap the great orb of eyes, but do no damage.
You squeeze the great orb of eyes!
The great orb of eyes is moderately wounded.
You hit the great orb of eyes.
The great orb of eyes is heavily wounded.
You block the great orb of eyes's attack.
The ironbound preserver casts a spell.
The ironbound preserver begins to accept its allies' injuries.
You hit the great orb of eyes but do no damage.
The great orb of eyes is heavily wounded.
You puncture the great orb of eyes!
The great orb of eyes is heavily wounded.
You hit the great orb of eyes but do no damage.
The great orb of eyes is heavily wounded.
You block the great orb of eyes's attack.
You block the deep troll's attack. The deep troll closely misses you.
The deep troll claws you! The deep troll bites you!!
The deep troll completely misses you. You block the deep troll's attack.
You puncture the great orb of eyes!
You squeeze the great orb of eyes, but do no damage.
The great orb of eyes is severely wounded.
You puncture the great orb of eyes! You squeeze the great orb of eyes.
The great orb of eyes is severely wounded.
You block the deep troll's attack. x3; The great orb of eyes bites you!
The deep troll completely misses you. x2; The deep troll barely misses you.
You puncture the great orb of eyes!
The great orb of eyes is almost dead.
You hit the great orb of eyes but do no damage.
The great orb of eyes is almost dead.
You block the great orb of eyes's attack.
You block the deep troll's attack. x3; The deep troll barely misses you. x2
The deep troll completely misses you.
You hit the great orb of eyes but do no damage.
Your squeeze misses the great orb of eyes.
The great orb of eyes is almost dead.
You barely miss the great orb of eyes. You squeeze the great orb of eyes.
The great orb of eyes is almost dead.
The deep troll completely misses you. You block the deep troll's attack. x2
The great orb of eyes gazes at you.
You suddenly lose the ability to move!
The deep troll bites you! The deep troll claws you. The deep troll claws you!
The great orb of eyes bites you. The deep troll bites you.
The deep troll barely misses you. The deep troll claws you!
The great orb of eyes bites you!
* * * LOW HITPOINT WARNING * * *
The deep troll bites you.
* * * LOW HITPOINT WARNING * * *
The deep troll claws you.
* * * LOW HITPOINT WARNING * * *
The deep troll completely misses you. The great orb of eyes bites you.
* * * LOW HITPOINT WARNING * * *
The deep troll bites you.
* * * LOW HITPOINT WARNING * * *
The deep troll claws you.
* * * LOW HITPOINT WARNING * * *
The deep troll claws you.
* * * LOW HITPOINT WARNING * * *
The ironbound preserver hits you with a +0 mace!!
You die...

#...............
+...............
#...............
#########...............
........'...............
........#..?............
######..#...############
#..#...#.........##
#T@#...#....#....#.
#Gp#...#.........'.
#.T#...####...####.
#..#...# #.#.'....
#..#.... #...#....
...#.... #####....
...#.... ######## #####
...^.... ........


You could see an ironbound preserver, a great orb of eyes and 2 deep trolls.

Vanquished Creatures
  Nikola (Shoals:4)
  Mlioglotl (Spider:2)
  Rupert (Lair:3)
  A sphinx (Vaults:1)
  Gastronok (Lair:3)
  Roxanne (Spider:1)
  An orc warlord (Orc:1)
  3 emperor scorpions
  Louise (Spider:1)
  4 ghost moths
  3 broodmothers (Spider:2)
  An ironbound thunderhulk (Vaults:1)
  2 entropy weavers
  Nessos (Orc:2)
  4 spark wasps
  Azrael (Spider:3)
  Snorg (Lair:3)
  Josephine (Shoals:1)
  2 merfolk javelineers (Shoals:4)
  3 merfolk impalers
  2 fire dragons
  Fannar (D:11)
  A yaktaur captain (Vaults:1)
  7 boulder beetles
  9 hydras
  An ogre mage (D:10)
  A jorogumo (Spider:2)
  2 alligator snapping turtles
  2 ironbound frosthearts (Vaults:1)
  6 centaur warriors
  A death knight (D:11)
  2 satyrs (Shoals:4)
  2 dancing weapons (D:13)
  4 death yaks (Lair:3)
  9 two-headed ogres
  A radroach (Spider:3)
  A catoblepas (D:14)
  3 merfolk aquamancers (Shoals:4)
  2 merfolk avatars
  A tengu warrior (D:13)
  A storm dragon zombie (D:15)
  Nergalle (Lair:3)
  A fire crab (Lair:6)
  5 pharaoh ants
  A skeletal warrior (D:15)
  A flayed ghost (D:11)
  3 steelbarb worms
  9 orb spiders
  9 sea snakes
  A deep troll (Vaults:1)
  An ironbound convoker (Vaults:1)
  3 lindwurms
  5 orc knights
  A tengu zombie (D:15)
  A wizard (Vaults:1)
  A harpy (shapeshifter) (D:15)
  7 deep elf pyromancers
  A necromancer (D:15)
  A swamp dragon (Lair:6)
  A phantasmal warrior (D:15)
  18 wolf spiders
  6 harpies
  20 ugly things
  9 cyclopes
  11 orc sorcerers
  An oklob plant (Lair:4)
  9 fauns (Shoals:2)
  23 manticores
  4 moths of wrath
  20 elephants
  8 merfolk sirens
  An elephant (shapeshifter) (D:14)
  A stone giant skeleton (D:15)
  6 black mambas
  A vault sentinel (Vaults:1)
  9 water nymphs
  3 gargoyles
  3 torpor snails
  16 cane toads
  10 rime drakes
  7 demonic crawlers
  An efreet (D:13)
  2 unseen horrors
  8 komodo dragons
  Psyche (D:12)
  4 yaktaurs (Vaults:1)
  A freezing wraith (D:15)
  A guardian mummy (D:15)
  A meliai (shapeshifter) (D:14)
  A queen bee (Lair:5)
  23 merfolk
  15 meliai
  10 polar bears
  9 trolls
  A queen bee (shapeshifter) (D:11)
  30 tarantellas
  8 hornets
  7 wind drakes
  Prince Ribbit (D:6)
  3 raiju (Lair:6)
  20 slime creatures
  14 snapping turtles
  4 dream sheep (Shoals:1)
  A spriggan zombie (D:15)
  22 culicivoras
  24 jumping spiders
  9 wraiths
  5 shadows
  6 water elementals
  54 yaks
  2 vampires
  4 wyverns
  4 fire elementals (Spider:3)
  8 basilisks
  2 vampire mosquitoes (D:13)
  11 wargs
  Menkaure (D:4)
  6 steam dragons
  75 redbacks
  2 acid dragons
  11 water moccasins
  15 hell hounds
  26 orc warriors
  12 black bears
  3 boggarts (Vaults:1)
  10 ogres
  36 wolves
  A phantom (D:6)
  7 centaurs
  2 kobold brigands
  14 bullfrogs
  4 gnoll sergeants
  2 scorpions
  12 wights
  39 killer bees
  An electric eel (Spider:4)
  3 howler monkeys (D:12)
  12 orc priests
  3 gnoll shamans
  4 iguanas
  2 hell rats (Lair:5)
  39 orc wizards
  30 gnolls
  7 adders
  2 shadow imps
  2 white imps
  2 ufetubi
  2 worms
  A dart slug (D:3)
  119 orcs
  6 ball pythons
  15 endoplasms
  4 giant cockroaches
  2 hobgoblins
  3 quokkas
  8 bats
  A frilled lizard (D:1)
  10 goblins
  15 kobolds
  12 rats
1232 creatures vanquished.

Vanquished Creatures (collateral kills)
  A two-headed ogre (D:8)
  A gnoll (D:5)
  A goblin (D:4)
3 creatures vanquished.

Vanquished Creatures (others)
  A merfolk aquamancer (Shoals:4)
  A merfolk siren (Shoals:4)
  A steam dragon (Lair:6)
  34 fungi
  90 plants
  17 withered plants
144 creatures vanquished.

Grand Total: 1379 creatures vanquished

Notes
Turn   | Place    | Note
-------+----------+-------------------------------------------
     0 | D:5      | Flugkiller the Octopode Delver began the quest for the Orb.
     0 | D:5      | Reached XP level 1. HP: 16/16 MP: 1/1
   180 | D:5      | Reached XP level 2. HP: 21/21 MP: 2/2
   275 | D:2      | Reached skill level 3 in Dodging
   476 | D:2      | Reached XP level 3. HP: 22/26 MP: 3/3
   682 | D:1      | Found Ciqaw's General Store.
  1414 | D:1      | Learned a level 1 spell: Summon Small Mammal
  1443 | D:2      | Reached skill level 4 in Dodging
  1472 | D:2      | Reached XP level 4. HP: 31/31 MP: 4/4
  2203 | D:3      | Reached skill level 1 in Summonings
  2333 | D:3      | Reached XP level 5. HP: 35/36 MP: 6/6
  2337 | D:3      | Reached skill level 1 in Spellcasting
  2486 | D:3      | Found a faded altar of an unknown god.
  2785 | D:4      | Noticed Menkaure
  2863 | D:4      | Found Ladourusk's Weapon Shoppe.
  3410 | D:4      | Reached XP level 6. HP: 32/42 MP: 8/8
  3689 | D:5      | Found Icocw's Jewellery Emporium.
  3866 | D:5      | Reached XP level 7. HP: 22/47 MP: 5/10
  4672 | D:6      | Reached skill level 5 in Dodging
  4768 | D:6      | HP: 1/49 [gnoll sergeant/+2 spear of venom (12)]
  5275 | D:6      | Noticed Prince Ribbit
  5280 | D:6      | Reached XP level 8. HP: 34/54 MP: 12/12
  5288 | D:6      | Reached skill level 5 in Fighting
  5539 | D:6      | Killed Prince Ribbit
  5540 | D:6      | Reached skill level 5 in Summonings
  5553 | D:6      | Identified the amulet "Hiddut" {Reflect Str+6 SH+5}
  5702 | D:6      | Found an ancient bone altar of Kikubaaqudgha.
  5853 | D:6      | Reached skill level 1 in Shields
  6147 | D:6      | Learned a level 3 spell: Call Canine Familiar
  6204 | D:7      | Identified the +7 whip "Joal" {drain, rElec rC+ Int+4
                  | Stlth-}
  6337 | D:7      | Reached XP level 9. HP: 29/61 MP: 13/13
  6724 | D:7      | Reached skill level 5 in Short Blades
  7629 | D:7      | Reached skill level 6 in Dodging
  7716 | D:7      | Found a runed translucent gate.
  7716 | D:7      | Found a runed translucent gate.
  7716 | D:7      | Found a runed translucent gate.
  7717 | D:7      | Noticed a kobold demonologist
  7717 | D:7      | Noticed Camille's ghost (novice HOFi)
  8140 | D:7      | Found a staircase to the Ecumenical Temple.
  8152 | Temple   | Entered the Ecumenical Temple
  8226 | Temple   | Became a worshipper of the Wu Jian Council
  8526 | D:8      | Found Xykan's Antique Weapon Shoppe.
  9815 | D:8      | Reached XP level 10. HP: 30/69 MP: 14/14
 10010 | D:7      | Reached skill level 7 in Dodging
 10222 | D:8      | Reached * piety under Wu Jian
 10416 | D:8      | Noticed a two-headed ogre
 10448 | D:8      | Killed a two-headed ogre
 10449 | D:8      | Reached skill level 5 in Shields
 10856 | D:9      | Found a staircase to the Lair.
 11276 | D:9      | Found a flagged portal.
 11339 | Bailey   | Entered a bailey
 11413 | Bailey   | Reached ** piety under Wu Jian
 11503 | Bailey   | Noticed an orc knight
 11580 | Bailey   | Noticed an orc knight
 11601 | Bailey   | Killed an orc knight
 11602 | Bailey   | Reached skill level 8 in Dodging
 11729 | Bailey   | Identified the +13 storm dragon scales of Distant Shores
                  | {-Tele rElec rF+ rCorr}
 11814 | Bailey   | Killed an orc knight
 11869 | Bailey   | Reached XP level 11. HP: 78/78 MP: 15/15
 12066 | D:9      | Noticed a two-headed ogre
 12165 | D:9      | Paralysed by a hornet for 3 turns
 12362 | D:9      | Killed a two-headed ogre
 12867 | D:10     | Entered Level 10 of the Dungeon
 12883 | D:10     | Reached *** piety under Wu Jian
 12939 | D:10     | Noticed a two-headed ogre
 13078 | D:10     | Noticed a cyan ugly thing
 13078 | D:10     | Killed a two-headed ogre
 13078 | D:10     | Reached skill level 9 in Dodging
 13282 | D:10     | Killed a cyan ugly thing
 13786 | D:4      | Killed Menkaure
 13814 | D:4      | Bought the +7 captain's cutlass {speed, disarm} for 540
                  | gold pieces
 13814 | D:4      | Found the +7 captain's cutlass {speed, disarm}
 14318 | D:10     | Noticed an ogre mage
 14325 | D:10     | Killed an ogre mage
 14331 | D:10     | Noticed an orc knight
 14331 | D:10     | Noticed a four-headed hydra
 14714 | D:10     | Noticed an orc knight
 15064 | D:10     | Noticed a centaur warrior
 15067 | D:10     | Killed a centaur warrior
 15068 | D:10     | Reached skill level 10 in Fighting
 15068 | D:10     | Reached skill level 10 in Dodging
 15200 | D:10     | Found a burning altar of Makhleb.
 15251 | D:10     | Killed a four-headed hydra
 15252 | D:10     | Reached XP level 12. HP: 74/87 MP: 16/16
 15805 | D:10     | Reached skill level 10 in Short Blades
 16058 | D:10     | Found a burning altar of Makhleb.
 16241 | D:11     | Found a staircase to the Orcish Mines.
 16245 | D:11     | Found Onaq's Armour Emporium.
 16304 | D:11     | Noticed a two-headed ogre
 16317 | D:11     | Killed a two-headed ogre
 16543 | D:11     | Noticed a four-headed hydra
 16716 | Lair:1   | Entered Level 1 of the Lair of Beasts
 17717 | Lair:1   | Reached skill level 11 in Dodging
 17826 | Lair:2   | Noticed a boulder beetle
 17863 | Lair:2   | Killed a boulder beetle
 18912 | Lair:3   | Noticed Gastronok
 18930 | Lair:3   | Killed Gastronok
 19139 | Lair:3   | Noticed Snorg
 19160 | Lair:3   | Reached XP level 13. HP: 96/96 MP: 17/17
 19445 | Lair:3   | Found a hole to the Spider Nest.
 19577 | Lair:3   | Noticed Rupert
 19580 | Lair:3   | Paralysed by Rupert for 5 turns
 19593 | Lair:3   | Killed Rupert
 19594 | Lair:3   | Reached skill level 12 in Dodging
 19744 | Lair:3   | Killed Snorg
 20455 | Lair:3   | Noticed Nergalle
 20465 | Lair:3   | Killed Nergalle
 20593 | Lair:3   | Found a staircase to the Shoals.
 21165 | Lair:4   | Found a basalt altar of Yredelemnul.
 22705 | Lair:4   | Reached skill level 13 in Dodging
 23305 | Lair:5   | Reached XP level 14. HP: 102/106 MP: 18/18
 23316 | Lair:5   | Found a viscous altar of Jiyva.
 23316 | Lair:5   | Found a staircase to the Slime Pits.
 23363 | Lair:5   | Reached **** piety under Wu Jian
 23980 | Lair:5   | HP: 4/106 [manticore/volley of spikes (14)]
 24400 | Lair:5   | Identified the +1 broad axe of Ifirphaem {vorpal, rCorr
                  | Str-5 Int+3}
 24438 | Lair:5   | Reached ***** piety under Wu Jian
 24878 | Lair:6   | Entered Level 6 of the Lair of Beasts
 25353 | Lair:5   | Reached skill level 14 in Dodging
 26275 | Lair:6   | Identified the +6 arbalest of the Loving Enemy {elec, rF+}
 27376 | Lair:6   | Reached XP level 15. HP: 65/114 MP: 19/19
 28033 | Lair:6   | Found the +8 Wrath of Trog {antimagic, *Rage Rampage}
 28975 | D:11     | Found a shimmering altar of Xom.
 29313 | D:11     | Found a transporter.
 29317 | D:11     | Noticed hypnoticadvantage's ghost (novice MiFi)
 29335 | D:11     | Found a transporter.
 29466 | D:11     | Noticed Fannar
 29473 | D:11     | Killed Fannar
 29495 | D:11     | Reached skill level 10 in Shields
 29527 | D:11     | Reached skill level 1 in Evocations
 30275 | D:12     | Noticed Psyche
 30279 | D:12     | Killed Psyche
 31083 | D:13     | Found a runed translucent door.
 31160 | D:13     | Reached skill level 15 in Dodging
 31164 | D:13     | Found a shimmering altar of Xom.
 31164 | D:13     | Noticed qborf's ghost (journeyman VSFi)
 31164 | D:13     | Identified the +2 halberd "Plog" {chaos, Dex+4 Stlth+}
 31919 | D:13     | Found a gate to the Vaults.
 32124 | D:13     | Found a portal to a secret trove of treasure.
 32391 | D:14     | Reached skill level 5 in Evocations
 32510 | D:14     | Reached ****** piety under Wu Jian
 32511 | D:14     | Reached XP level 16. HP: 98/120 MP: 20/20
 32976 | D:15     | Entered Level 15 of the Dungeon
 33000 | D:14     | Reached skill level 15 in Fighting
 33394 | D:15     | Found a staircase to the Depths.
 34853 | D:15     | Found a runed translucent gate.
 34858 | D:15     | Found a runed translucent gate.
 34859 | D:15     | Found a runed translucent gate.
 34876 | D:15     | Noticed Cofiopra's ghost (adept DjEE)
 34946 | D:15     | Found an iron altar of Okawaru.
 35564 | Orc:1    | Entered Level 1 of the Orcish Mines
 36274 | Orc:2    | Entered Level 2 of the Orcish Mines
 36299 | Orc:2    | Found a staircase to the Elven Halls.
 36351 | Orc:2    | Found Nijakkim's Weapon Shop.
 36446 | Orc:2    | Reached skill level 16 in Dodging
 36512 | Orc:2    | Noticed Sonja
 36513 | Orc:2    | Noticed Sonja
 36513 | Orc:2    | Sonja changed into Sonja the wolf
 36518 | Orc:2    | Killed Sonja the wolf
 36702 | Orc:2    | Noticed Nessos
 36718 | Orc:2    | Killed Nessos
 36976 | Orc:2    | Found Bimamiwn's Jewellery Shop.
 36993 | Orc:2    | Found Jyul Pall's General Store.
 37004 | Orc:2    | Reached skill level 10 in Stealth
 37073 | Orc:2    | Found Okiulu Ofagu's Antique Armour Shop.
 37073 | Orc:2    | Found Ning's Antique Weapon Shoppe.
 37422 | Spider:1 | Entered Level 1 of the Spider Nest
 37842 | Spider:1 | Noticed Louise
 37861 | Spider:1 | Killed Louise
 38117 | Spider:1 | Noticed Roxanne
 38842 | Spider:2 | Noticed Mlioglotl
 38842 | Spider:2 | Reached XP level 17. HP: 56/127 MP: 21/21
 39471 | Spider:2 | Killed Mlioglotl
 39893 | Spider:2 | Paralysed by a jorogumo for 3 turns
 39905 | Spider:2 | Reached skill level 10 in Evocations
 39984 | Spider:2 | Reached skill level 17 in Dodging
 41712 | Spider:3 | Noticed Azrael
 41740 | Spider:3 | Killed Azrael
 42454 | Spider:3 | Reached skill level 18 in Dodging
 42663 | Spider:4 | Entered Level 4 of the Spider Nest
 44212 | Spider:4 | Reached XP level 18. HP: 94/137 MP: 0/22
 44283 | Spider:4 | Got a gossamer rune of Zot
 44552 | Spider:4 | Reached skill level 19 in Dodging
 44988 | Spider:1 | Killed Roxanne
 45454 | Spider:1 | Learned a level 6 spell: Statue Form
 45705 | Shoals:1 | Entered Level 1 of the Shoals
 45904 | Shoals:1 | Identified the +7 rapier of Afygh {vorpal, rPois Str-2
                  | SInv}
 45942 | Shoals:1 | Reached skill level 1 in Transmutations
 45942 | Shoals:1 | Reached skill level 1 in Earth Magic
 46056 | Shoals:1 | Noticed Josephine
 46085 | Shoals:1 | Killed Josephine
 47215 | Shoals:2 | Found Zinnum's Merfolk Armours.
 47221 | Shoals:2 | Found Zinnum's Merfolk Weapons.
 48253 | Orc:2    | Bought the ring of the Mage {Wiz Archmagi} for 663 gold
                  | pieces
 48253 | Orc:2    | Found the ring of the Mage {Wiz Archmagi}
 48563 | Shoals:2 | Bought the Almanac of Calling for 972 gold pieces
 48594 | Shoals:3 | Reached skill level 5 in Spellcasting
 48738 | Shoals:3 | Found Vodghie's Book Emporium.
 48810 | Shoals:3 | Found Wiopuxko's Distillery.
 48818 | Shoals:3 | Bought a potion of heal wounds for 70 gold pieces
 48827 | Shoals:3 | Found Nuden's Assorted Antiques.
 48973 | Shoals:3 | Found Zohaf's Distillery.
 48982 | Shoals:3 | Bought a potion of heal wounds for 90 gold pieces
 49290 | Shoals:4 | Entered Level 4 of the Shoals
 49908 | Shoals:4 | Reached skill level 5 in Transmutations
 49908 | Shoals:4 | Reached skill level 5 in Earth Magic
 50009 | Shoals:4 | Identified the -6 pair of gloves of the Butcher {Dex+5}
 50009 | Shoals:4 | Noticed Nikola
 50161 | Shoals:4 | Killed Nikola
 50609 | Shoals:4 | Identified the ring "Seucsel" {rPois rF+++ Will- rCorr
                  | Dex-5}
 50615 | Shoals:4 | Reached XP level 19. HP: 144/144 MP: 27/27
 50625 | Shoals:4 | Got a barnacled rune of Zot
 50985 | Shoals:4 | Identified the +6 ring mail of Hadjma {Will- Str+5 Dex+2}
 51717 | Vaults:1 | Entered Level 1 of the Vaults
 52714 | Vaults:1 | Identified the +6 scale mail of Morality {-Tele rCorr
                  | Str+4}
 52815 | Vaults:1 | Identified a scroll of acquirement
 52816 | Vaults:1 | Acquired a +11 quick blade
 52972 | Vaults:1 | Paralysed by a great orb of eyes for 5 turns
 52975 | Vaults:1 | Demolished by an ironbound preserver

Illustrated notes

Levels and vault maps discovered:
D:1:      nagdon_arrival_double_spiral, layout_basic, serial_shops, shop_statue,
          corexii_corridor_pit
D:2:      layout_basic, minmay_misc_feat_square
D:3:      layout_rooms, ebering_ecumenical_altar_webs
D:4:      layout_basic, serial_shops, shop_fountains, uniq_menkaure
D:5:      layout_basic, serial_shops, nicolae_diamond_shop
D:6:      layout_loops_cross, kiku_gazebo_garden_becter, uniq_prince_ribbit1
D:7:      layout_cave_pods, minmay_temple_entry_large_hall,
          gammafunk_ghost_nasty_kobolds
D:8:      layout_basic, special_room [special_room_orc], minmay_misc_feat_cross,
          nicolae_stop_n_shop_1, hex_intersection
D:9:      layout_big_octagon, enter_bailey_5, kennysheep_generic_room_9
D:10:     layout_stronghold, lightli_temple_of_fire, minmay_the_grid_2x2
          [minmay_the_grid_rooms, minmay_the_grid_stretched_grid,
          minmay_the_grid_minigrid_medium, minmay_the_grid_prize_inner_circle]
D:11:     nzn_winding_woodlands_stair_cross [nzn_winding_woodlands_5x15_zeroes,
          nzn_winding_woodlands_center_garden, nzn_winding_woodlands_5x15_eye,
          nzn_winding_woodlands_5x5_three, nzn_winding_woodlands_hourglass,
          nzn_winding_woodlands_5x15_sidewinder,
          nzn_winding_woodlands_center_diamonds,
          nzn_winding_woodlands_5x15_pathside_ponds], layout_loops_ring,
          orc_david_3, gammafunk_ghost_berserking_beasts,
          kennysheep_flooded_box, uniq_fannar
D:12:     layout_basic, st_stairs_12, uniq_psyche
D:13:     layout_grid_maze, erik_vaults_1, ebering_ghost_xom, enter_trove_6
D:14:     layout_rooms, billiards_dpeg
D:15:     gammafunk_depths_entry_grave, layout_irregular_city,
          gammafunk_ghost_fury_of_okawaru
Temple:   regret_index_temple_chain_breaker
Lair:1:   layout_cave_pods, beast_lair_carwin_5
Lair:2:   layout_cave_pods, chequers_serial_rivers_micro_d, minivault_24,
          nicolae_quartered_pool_impasse
Lair:3:   layout_regular_city, elwin_shoals_entry_rooms, dummy_spider_entry,
          cheibrodos_lair_reptile_den, uniq_gastronok, uniq_nergalle,
          uniq_rupert, uniq_snorg
Lair:4:   layout_gridlike, basic_altar, grunt_megastairs_2
Lair:5:   regret_index_combs_of_tragedy, layout_regular_city, slime_altar_1,
          minivault_23, serial_bayou_pond_e
Lair:6:   hangedman_lair_caniforms_friends, layout_cave_shapes,
          guppyfry_lair_end_dragon
Shoals:1: layout_shoals, nicolae_shoals_drake_roost, uniq_josephine
Shoals:2: nicolae_shoals_mermall, layout_shoals
Shoals:3: layout_shoals, serial_shops, shop, shop, nicolae_take_the_stairs, shop
Shoals:4: shoals_end_simple, layout_shoals, uniq_nikola
Spider:1: layout_spider_delve, uniq_louise, uniq_roxanne
Spider:2: layout_spider_delve, hangedman_spider_tarantella_strand,
          uniq_mlioglotl
Spider:3: layout_cave_pods, drop_trap, uniq_azrael
Spider:4: spider_rune_water
Orc:1:    layout_diamond_mine
Orc:2:    st_orc_town, layout_caves, serial_shops,
          nicolae_shop_bloodbath_and_beyond, uniq_sonja, uniq_nessos
Vaults:1: hangedman_vaults_locks, v_misc_5, vaults_room_large_hall,
          hangedman_vaults_stagger, vaults_standard_mumra_x,
          vaults_room_semicircle, nicolae_vaults_quadrants,
          ontoclasm_vaults_fault, hangedman_vaults_maws, vaults_room_large_hall,
          layout_vaults_big_room

Skill      XL: |  1  2  3  4  5  6  7  8  9 10 11 12 13 14 15 16 17 18 19 |
---------------+----------------------------------------------------------+-----
Dodging        | 3 4 5 6 8 10 11 13 14 15 16 18 19 | 19.1
Summonings     | 1 2 3 5 6 7 |  7.4
Spellcasting   | 1 2 3 5 6 |  6.7
Short Blades   | 3 4 6 7 9 11 12 14 | 14.0
Fighting       | 4 5 6 8 10 11 13 14 15 16 17 | 17.0
Shields        | 2 4 5 6 10 | 10.0
Evocations     | 5 9 10 | 10.0
Stealth        | 8 10 | 10.0
Transmutations | 5 6 |  6.4
Earth Magic    | 5 6 |  6.3

Action                   |  1- 3 |  4- 6 |  7- 9 | 10-12 | 13-15 | 16-18 | 19-21 || total
-------------------------+-------+-------+-------+-------+-------+-------+-------++-------
Melee: Dagger            |    41 |   100 |   313 |   373 |       |       |       ||   827
       Constrict         |    12 |    22 |    72 |   101 |   142 |   328 |    30 ||   707
       Tentacles         |     6 |    23 |    96 |   198 |   480 |   741 |    84 ||  1628
       Punch             |     1 |     1 |     5 |    12 |    29 |    43 |     6 ||    97
       Cutlass           |       |       |       |   279 |  1470 |  2177 |   242 ||  4168
Throw: Dart              |       |       |     6 |    10 |     1 |     1 |     1 ||    19
       Throwing net      |       |       |       |       |     9 |     1 |       ||    10
 Cast: Summon Small Mamm |       |     8 |    12 |     4 |       |       |       ||    24
       Call Canine Famil |       |       |       |     1 |     3 |       |       ||     4
Invok: Lunge             |       |       |       |    53 |    69 |   137 |    14 ||   273
       Whirlwind         |       |       |       |    26 |    69 |   246 |    24 ||   365
       Serpent's Lash    |       |       |       |    10 |    23 |    41 |     4 ||    78
       Heavenly Storm    |       |       |       |       |       |     3 |       ||     3
Evoke: Wand              |       |       |       |     7 |     4 |    28 |       ||    39
       Phial of floods   |       |       |       |     1 |     1 |     4 |     1 ||     7
       Lightning rod     |       |       |       |       |       |     6 |       ||     6
  Use: Potion            |       |     2 |     4 |     1 |     1 |     5 |       ||    13
       Scroll            |       |       |    15 |     6 |     6 |     9 |     2 ||    38
 Stab: Sleeping          |    17 |    15 |     2 |    17 |    22 |    62 |     5 ||   140
       Distracted        |       |     2 |     1 |     4 |     7 |     9 |     1 ||    24
       Paralysed         |       |       |       |     2 |       |     2 |       ||     4
       Held in net/web   |       |       |       |       |     3 |     3 |       ||     6
Armor: Skin              |     1 |     3 |     1 |     7 |     7 |    14 |     3 ||    36
Dodge: Dodged            |     8 |    55 |   115 |   138 |   410 |   483 |    66 ||  1275
Block: Buckler           |     4 |     7 |     7 |       |       |       |       ||    18
       Kite shield       |       |       |   194 |   372 |   770 |  1002 |   136 ||  2474
       Reflection        |       |       |     8 |     6 |    16 |    43 |       ||    73

Table legend: (Time is in decaauts)
 A = Elapsed time spent in this place.
 B = Non-inter-level travel time spent in this place.
 C = Inter-level travel time spent in this place.
 D = Time resting spent in this place.
 E = Time spent auto-exploring this place.
 F = Levels seen in this place.
 G = Mean time per level.
                   A        B        C        D        E       F      G
               +--------+--------+--------+--------+--------+-----+--------+
         Total |  51427 |  47852 |   3575 |  19865 |  18780 |  34 | 1512.6 |
       Dungeon |  23254 |  21781 |   1473 |   8153 |   9314 |  15 | 1550.3 |
        Temple |     85 |     75 |     10 |      0 |     57 |   1 |   85.0 |
          Lair |  12047 |  11005 |   1042 |   4985 |   4023 |   6 | 2007.8 |
        Shoals |   5092 |   4804 |    288 |   1837 |   2065 |   4 | 1273.0 |
   Spider Nest |   7884 |   7351 |    533 |   4071 |   2021 |   4 | 1971.0 |
  Orcish Mines |   1263 |   1037 |    226 |      0 |    754 |   2 |  631.5 |
        Vaults |   1206 |   1206 |      0 |    675 |    354 |   1 | 1206.0 |
        Bailey |    594 |    594 |      0 |    144 |    192 |   1 |  594.0 |
               +--------+--------+--------+--------+--------+-----+--------+

Top non-repeatable levels by time:
  Lair:5: 3151 daAuts
    D:10: 3052 daAuts
Spider:2: 2532 daAuts
     D:7: 2452 daAuts
    D:11: 2413 daAuts
     D:6: 2145 daAuts
Spider:1: 2066 daAuts
  Lair:4: 1986 daAuts
Spider:3: 1937 daAuts
  Lair:2: 1936 daAuts
  Lair:6: 1900 daAuts
Shoals:4: 1803 daAuts
  Lair:3: 1735 daAuts
     D:9: 1693 daAuts
    D:15: 1669 daAuts
